Map: Lost and Found LE

Players

NVC

  • Race: Terran Terran
  • League: Diamond
  • Spawn Location: 1:00

kemachi - Winner!

  • Race: Protoss Protoss
  • League: Diamond
  • Spawn Location: 7:00

VOD

Have the link to the VOD?

Description

Time

  • Played on: Nov. 8, 2018, 6:30 p.m.
  • Length: 20:44
Show
View Real Time Build Order
Export as new Build Order

NVC Terran 

Build Orders: Reaper Expand 

Get SALT Encoding   

  12  0:01  SCV  
  13  0:13  SCV  
  14  0:18  Supply Depot  
  14  0:25  SCV  
  15  0:37  Refinery  
  15  0:39  SCV  
  16  0:49  Barracks  
  16  0:54  SCV  
  17  1:12  SCV  
  18  1:24  SCV, Refinery  
  19  1:45  Command Center  
  19  1:48  Reaper  
  20  1:54  SCV  
  21  2:11  SCV  
  22  2:20  Marine  
  23  2:30  Barracks, Command Center  
  23  2:37  Orbital Command  
  23  2:43  Barracks Reactor  
  22  3:09  Orbital Command, SCV, Bunker  
  23  3:18  Marine x2  
  25  3:20  Marine  
  25  3:21  SCV  
  25  3:25  Supply Depot  
  27  3:36  Marine x2  
  27  3:37  SCV  
  30  3:42  SCV, Marine  
  30  3:44  SCV  
  33  3:49  SCV, Supply Depot  
  33  3:53  Marine  
  33  3:54  SCV, Marine  
  37  3:56  Factory  
  37  4:00  Marine  
  38  4:05  SCV  
  39  4:10  SCV  
  39  4:11  SCV  
  39  4:13  Barracks Tech Lab  
  41  4:18  Refinery  
  41  4:19  Engineering Bay  
  41  4:21  SCV  
  41  4:23  Marine  
  43  4:26  SCV  
  43  4:29  SCV  
  43  4:30  Refinery  
  45  4:33  SCV  
  45  4:35  Stimpack, Marine x2  
  48  4:38  SCV  
  48  4:45  Hellion, Marine  
  51  4:46  SCV  
  51  4:49  Missile Turret  
  53  4:52  Missile Turret  
  53  4:53  SCV x2, Marine  
  53  4:56  Marine  
  57  5:02  Starport  
  57  5:03  Marine  
  57  5:04  SCV  
  57  5:05  SCV  
  60  5:08  Supply Depot  
  60  5:10  Marine  
  60  5:14  SCV, Marine  
  61  5:21  Marine  
  61  5:27  SCV  
  61  5:28  Bunker, Marine  
  63  5:29  SCV  
  63  5:30  Refinery, Factory Reactor  
  63  5:33  Marine  
  59  5:59  Marine x3  
  59  6:03  Medivac  
  64  6:09  SCV x2  
  66  6:17  Marine  
  67  6:19  Marine x2  
  67  6:21  Cyclone x2, SCV x2  
  67  6:22  Missile Turret  
  67  6:24  Planetary Fortress  
  77  6:26  Barracks  
  77  6:28  Barracks  
  77  6:29  Barracks  
  77  6:38  Terran Infantry Weapons Level 1  
  77  6:41  Engineering Bay  
  77  6:43  Supply Depot  
  77  7:05  SCV x2, Medivac x2, Marine x2  
  77  7:07  Factory Reactor  
  85  7:11  SCV  
  85  7:14  Refinery  
  86  7:17  SCV x2  
  86  7:18  Barracks Tech Lab x3  
  86  7:20  Marine  
  89  7:23  SCV  
  89  7:29  SCV x2  
  79  7:48  Marine  
  79  7:50  Marauder x4, Marine  
  83  8:11  Marauder x3  
  88  8:13  Marauder, SCV  
  88  8:15  Refinery  
  88  8:19  SCV  
  92  8:20  SCV  
  92  8:21  Combat Shield  
  92  8:22  Concussive Shells  
  92  8:24  Terran Infantry Armor Level 1  
  92  8:26  Medivac x2  
  97  8:27  Command Center  
  97  8:28  SCV  
  97  8:30  Armory  
  97  8:32  Marauder, SCV x2  
  97  8:33  Marauder, Starport x2  
  108  8:34  Hellion x2  
  108  8:41  SCV  
  109  8:47  Missile Turret  
  109  8:51  Sensor Tower  
  109  8:52  Supply Depot  
  109  8:54  Supply Depot  
  109  8:57  Sensor Tower  
  109  9:01  SCV  
  109  9:05  SCV, Marine  
  109  9:07  Marauder x2  
  78  9:20  Marauder x2, Marine  
  78  9:23  Marine  
  84  9:28  Marauder x2  
  84  9:38  Marine  
  68  9:41  Marauder, Marine  
  68  9:42  Marauder  
  72  9:49  Marauder, Marine  
  67  9:53  Cyclone x2  
  67  9:56  Marine  
  67  9:59  Marine  
  67  10:03  Marauder x2, SCV x2  
  67  10:05  Liberator x2  
  67  10:07  Marauder  
  67  10:08  SCV x2  
  67  10:11  Marauder  
  67  10:14  Marine  
  68  10:15  SCV  
  68  10:16  Marine  
  65  10:24  Marauder, SCV, Marine  
  72  10:29  Marauder  
  72  10:30  SCV  
  72  10:31  Marine  
  72  10:32  Liberator, Marine  
  65  10:40  Marine  
  65  10:42  Marauder  
  63  10:45  Marine  
  63  10:47  SCV  
  63  10:49  Medivac  
  69  10:50  Marauder x2  
  69  10:53  SCV  
  72  11:03  Marauder  
  68  11:09  SCV x2  
  68  11:11  SCV  
  68  11:12  Missile Turret  
  67  11:19  Marauder, Medivac  
  67  11:21  Marauder, SCV  
  74  11:26  SCV x2  
  74  11:28  SCV  
  74  11:32  Supply Depot  
  77  11:33  SCV  
  78  11:42  Marine  
  78  11:43  Marauder x2  
  78  11:45  Marauder  
  85  11:49  SCV x3  
  85  11:50  SCV  
  89  12:01  SCV x3  
  89  12:02  SCV  
  93  12:13  SCV x2  
  87  12:18  Marauder  
  57  12:40  Marauder  
  57  12:41  Marauder x2, Marine x2  
  57  12:43  Cyclone x2  
  69  12:50  SCV  
  66  12:54  Marauder  
  64  12:59  Marine x2  
  64  13:02  Marauder x2  
  66  13:10  Marauder  
  66  13:11  SCV x3  
  66  13:12  SCV  
  71  13:15  Cyclone  
  71  13:16  Marauder, Marine  
  71  13:17  Marine  
  71  13:19  Liberator  
  78  13:22  Marine  
  79  13:28  Marauder  
  79  13:29  SCV x2  
  79  13:30  SCV  
  79  13:31  Marauder  
  86  13:34  Marine x2  
  86  13:35  SCV  
  86  13:37  Marine  
  86  13:40  Marine  
  94  13:41  SCV  
  95  13:49  Marauder  
  95  13:52  Marine  
  95  13:53  Marauder, Marine  
  95  13:54  SCV  
  95  13:55  Marauder  
  104  13:58  Marine  
  102  14:10  Marine  
  102  14:11  Marauder, Marine  
  102  14:14  Marauder  
  102  14:15  SCV  
  102  14:16  Marine  
  110  14:17  SCV, Marine  
  112  14:32  Liberator  
  112  14:37  Marauder x2, Marine  
  114  14:48  Marauder x2, Marine  
  114  14:49  Liberator x2  
  122  14:55  Marine  
  122  14:58  Marauder  
  122  14:59  Marauder  
  118  15:06  Marine  
  118  15:13  Liberator  
  118  15:28  Marauder  
  104  15:32  Marauder x3, Marine x2  
  115  15:36  SCV  
  116  15:43  SCV x3  
  116  15:48  SCV, Liberator  
  116  15:49  Liberator, Marine  
  118  15:50  Liberator, Marine x2  
  118  15:52  Marine  
  118  15:53  Marine  
  118  15:55  SCV x2  
  123  16:10  Marauder, Marine  
  123  16:11  Marine x4  
  106  16:12  SCV  
  111  16:22  Planetary Fortress  
  111  16:24  Missile Turret, Refinery  
  111  16:25  SCV, Refinery  
  111  16:28  Command Center, Marine x2  
  111  16:32  SCV  
  114  16:33  SCV, Terran Infantry Armor Level 2  
  114  16:35  Starport Reactor  
  114  16:36  Marauder, Command Center  
  114  16:37  Marine x3  
  120  16:48  Medivac  
  120  16:50  SCV, Missile Turret x2  
  120  16:51  Sensor Tower  
  123  17:02  SCV  
  123  17:08  SCV  
  124  17:11  Medivac x2  
  104  17:29  Marauder x3, Marine x2  
  85  17:33  Marauder  
  85  17:39  Planetary Fortress  
  85  17:41  SCV x2  
  87  17:46  Marine  
  87  17:47  Marine  
  87  17:50  Marauder x3  
  94  17:54  Marine  
  95  18:04  Marine  
  93  18:07  Liberator  
  93  18:08  Liberator x2  
  93  18:09  Marine  
  93  18:11  Marauder  
  93  18:12  Marauder  
  76  18:24  Marauder x2, Marine  
  76  18:25  Medivac x2  
  82  18:27  Marine  
  82  18:32  Marine  
  82  18:33  Marauder  
  59  18:41  Marine  
  59  18:44  Barracks x3, Marine  
  59  18:45  Barracks x2  
  54  18:48  Barracks  
  46  19:13  SCV  
  46  19:14  SCV x3  
  47  19:25  SCV  
  47  19:26  SCV x3  
  51  19:38  SCV x4, Barracks Tech Lab x2  
  55  19:39  Barracks Tech Lab  
  55  19:40  Marine  
  55  19:42  Marine  
  57  19:48  Marine  
  57  19:50  SCV x3  
  57  19:51  Marine  
  57  19:52  Supply Depot  
  62  19:53  Supply Depot  
  62  19:55  Marine x2  
  63  20:08  Engineering Bay  
  63  20:09  Marauder, Marine  
  63  20:10  Marauder  
  63  20:11  Marauder, Marine x3  
Show
View Real Time Build Order
Export as new Build Order

kemachi Protoss - Winner!

Build Orders: 1 Gate Expand, Blink Stalkers 

Get SALT Encoding   

  12  0:00  Probe  
  13  0:13  Probe  
  14  0:18  Pylon  
  14  0:25  Probe  
  15  0:37  Probe  
  15  0:38  Gateway  
  16  0:45  Probe  
  16  0:47  Assimilator  
  17  0:53  Probe  
  18  1:03  Probe  
  19  1:13  Assimilator  
  19  1:29  Nexus  
  19  1:33  Probe  
  20  1:45  Zealot  
  20  1:46  Cybernetics Core  
  20  1:48  Probe  
  23  2:01  Pylon  
  23  2:19  Probe  
  24  2:25  Stalker, Twilight Council  
  26  2:31  Gateway  
  26  2:35  Assimilator  
  26  2:39  Probe  
  26  2:43  Probe  
  28  2:52  Blink  
  27  3:02  Probe x2  
  28  3:13  Stalker  
  28  3:14  Probe x2  
  28  3:19  Stalker  
  34  3:29  Probe x2  
  36  3:38  Stalker, Assimilator  
  36  3:41  Probe  
  37  3:46  Stalker  
  39  3:53  Probe x2  
  43  4:07  Stalker, Warp Gate  
  41  4:12  Probe x2  
  43  4:22  Pylon  
  45  4:24  Pylon  
  45  4:26  Probe  
  46  4:40  Stalker x2, Pylon, Probe  
  46  4:44  Probe  
  52  4:52  Probe  
  53  5:00  Shield Battery  
  53  5:01  Shield Battery  
  53  5:03  Probe  
  53  5:04  Probe  
  55  5:09  Stalker x2  
  59  5:14  Assimilator  
  59  5:16  Pylon  
  59  5:28  Gateway  
  59  5:29  Probe x2  
  59  5:31  Pylon  
  61  5:38  Gateway  
  61  5:41  Probe, Resonating Glaives  
  49  6:00  Probe x2  
  51  6:06  Gateway  
  51  6:07  Gateway  
  51  6:10  Gateway  
  51  6:20  Templar Archives  
  51  6:22  Probe x2  
  51  6:23  Gateway  
  51  6:24  Adept  
  55  6:25  Gateway  
  55  6:26  Adept  
  55  6:27  Gateway  
  55  6:31  Pylon  
  57  6:40  Pylon  
  57  6:44  Adept  
  57  6:45  Forge, Adept  
  61  6:48  Sentry  
  61  6:54  Pylon  
  63  6:57  Psionic Storm  
  63  7:15  Nexus  
  63  7:16  Pylon  
  63  7:21  High Templar x4  
  71  7:24  Adept x2  
  75  7:34  Adept x3  
  66  7:45  Adept x2  
  59  8:01  Probe x2  
  59  8:11  Protoss Ground Weapons Level 1  
  59  8:13  Probe x2  
  61  8:20  Nexus  
  61  8:25  Probe  
  62  8:28  Adept x2  
  66  8:34  Pylon  
  66  8:36  Probe  
  66  8:37  Probe  
  68  8:42  Adept  
  70  8:53  Adept x2  
  70  8:54  Adept  
  58  9:38  Archon  
  54  9:41  Adept x6  
  64  9:57  Adept x2  
  60  10:10  Adept x6  
  62  10:45  High Templar x3  
  62  10:46  Adept x5  
  62  10:48  Probe x3  
  71  10:53  Protoss Ground Weapons Level 2  
  67  11:00  Probe x2  
  67  11:07  Adept x3  
  67  11:08  Adept x2  
  67  11:09  Probe  
  70  11:12  Probe x2, Assimilator  
  70  11:17  Assimilator  
  70  11:19  Charge  
  70  11:25  Probe x3  
  72  11:31  Adept x3  
  72  11:32  Adept x5  
  89  11:34  Probe x3  
  92  11:51  Pylon  
  92  11:53  Pylon  
  92  11:55  Pylon  
  92  12:03  Stalker x3  
  62  13:07  Archon  
  62  13:11  Probe x3  
  61  13:14  Protoss Ground Weapons Level 3  
  57  13:23  Probe  
  54  13:38  Zealot x5  
  54  13:39  Zealot  
  66  13:42  Nexus  
  66  13:44  Pylon, High Templar x2  
  66  13:46  Pylon  
  70  13:49  Assimilator  
  70  13:53  Assimilator  
  70  13:55  Pylon  
  70  13:57  Pylon  
  70  14:07  Zealot x4  
  78  14:10  High Templar x2  
  78  14:13  Archon  
  82  14:17  High Templar x3  
  88  14:33  Zealot  
  88  14:34  Zealot x3  
  81  15:02  Probe x2  
  83  15:10  Stalker x5  
  93  15:14  Probe  
  93  15:15  Probe  
  95  15:26  Probe  
  95  15:27  Probe  
  97  15:32  Zealot x4  
  97  15:33  Zealot x2  
  109  15:53  Sentry x5  
  105  16:13  Zealot x4  
  113  16:30  Nexus, Pylon  
  113  16:31  Pylon  
  113  16:38  Pylon  
  113  16:40  Pylon  
  113  16:50  High Templar x6  
  125  16:56  Archon x3  
  63  17:31  Zealot x5  
  63  17:32  Zealot  
  75  17:43  Probe x3  
  78  17:55  Probe  
  78  17:57  Zealot x5  
  78  17:58  Zealot  
  91  18:01  Pylon  
  89  18:05  Pylon  
  89  18:07  Pylon  
  89  18:08  Protoss Ground Armor Level 1  
  83  18:26  Zealot x6  
  83  18:45  Zealot x3  
  83  18:46  Zealot  
  91  19:10  Probe x2  
  91  19:13  Assimilator x2  
  93  19:24  Nexus  
  93  19:26  Assimilator  
  93  19:30  Stalker x6, Assimilator  
  93  19:31  Stalker  
  107  19:35  Pylon  
  107  19:37  Pylon  
  107  19:53  Probe x3  
  110  20:03  Stalker x5  
  110  20:05  Probe x2  
  114  20:34  Zealot x3  
  114  20:35  Zealot x3  
Tags
 
Add a new tag
Caveats
  • Supply blocks, unpowered buildings, or Contaminate may cause inaccurate times.
  • Supply counts are checked every 10 seconds.